 Dungeon Crawl Stone Soup version 0.28-a0-425-gd0eccab798 (webtiles) character file.

Game seed: 16135001842675616430

68169 MaCx the Marksminotaur (level 14, -6/130 HPs)
             Began as a Minotaur Arcane Marksman on Sept 8, 2021.
             Was the Champion of Okawaru.
             Killed from afar by Jorgrun (55 damage)
             ... with an iron shot
             ... on level 12 of the Dungeon on Sept 9, 2021.
             The game lasted 01:30:34 (22090 turns).

MaCx the Marksminotaur (Minotaur Arcane Marksman)  Turns: 22090, Time: 01:30:35

Health: -6/130     AC: 28    Str: 18    XL:     14   Next: 85%
Magic:  15/20      EV: 11    Int: 10    God:    Okawaru [******]
Gold:   1931       SH:  0    Dex: 13    Spells: 12/15 levels left

rFire   . . .      SeeInvis .   a - +9 longbow of the Hungering Coward {venom, rElec rC+}
rCold   + . .      Faith    +   (shield currently unavailable)
rNeg    . . .      Spirit   .   z - +3 plate armour of the Two of Wands {rPois}
rPois   +          Reflect  .   U - +1 hat {Stlth+}
rElec   +          Harm     .   P - scarf {repulsion}
rCorr   .          Rampage  .   t - +2 pair of gloves {Stlth+}
Will    +....                   y - +2 pair of boots
Stlth   ..........              k - amulet of faith
HPRegen 0.31/turn               l - ring of poison resistance
MPRegen 0.17/turn               o - +4 ring of slaying

@: heroic, finesse-ful, repel missiles
A: horns 2, retaliatory headbutt
a: Renounce Religion, Heroism, Finesse, Duel


You were on level 12 of the Dungeon.
You worshipped Okawaru.
Okawaru was exalted by your worship.
You visited 2 branches of the dungeon, and saw 18 of its levels.
You also visited: Ossuary.

You collected 1931 gold pieces.

Inventory:

Hand Weapons
 a - the +9 longbow of the Hungering Coward (weapon) {venom, rElec rC+}
   (You acquired it on level 6 of the Dungeon)

   Any ammunition fired from it poisons the flesh of those it strikes.
   rC:        It protects you from cold.
   rElec:     It insulates you from electricity.
 b - a +3 short sword
 w - a +2 short sword of holy wrath
 x - a +0 glaive of freezing
 H - a +1 short sword of venom
 N - a +4 longbow of flaming
Missiles
 c - 221 arrows (quivered ammo)
Armour
 t - a +2 pair of gloves of stealth (worn)
 y - a +2 pair of boots (worn)
 z - the +3 plate armour of the Two of Wands (worn) {rPois}
   (You acquired it on level 7 of the Dungeon)

   rPois:     It protects you from poison.
 P - a scarf of repulsion (worn)
 S - the +3 pair of seven-league boots {Rampage+∞}
   (You found it on level 6 of the Lair of Beasts)

   Its wearer moves as far as possible in that direction when moving towards
   enemies.
 U - a +1 hat of stealth (worn)
 X - a +2 ring mail of fire resistance
Jewellery
 k - an amulet of faith (around neck)
 l - a ring of poison resistance (left hand)
 o - a +4 ring of slaying (right hand)
 p - a ring of positive energy
 q - a ring of resist corrosion
 T - a +6 ring of dexterity
 V - an amulet of reflection
Wands
 h - a wand of digging (6)
 v - a wand of flame (35)
 C - a wand of polymorph (7)
 I - a wand of paralysis (6)
 M - a wand of mindburst (17)
 O - a wand of acid (7)
 Q - a wand of iceblast (16)
Scrolls
 d - a scroll of summoning
 e - 16 scrolls of teleportation
 j - 2 scrolls of holy word
 m - a scroll of vulnerability {unknown}
 n - a scroll of fear
 r - 2 scrolls of magic mapping
 u - 4 scrolls of enchant armour
 A - a scroll of fog
 L - a scroll of brand weapon
 W - a scroll of amnesia
Potions
 f - 12 potions of heal wounds
 g - 3 potions of brilliance
 i - 2 potions of lignification
 s - a potion of resistance
 B - 7 potions of curing
 D - 4 potions of might
 E - 5 potions of haste
 F - a potion of magic
 G - a potion of flight
 J - 2 potions of cancellation
 K - a potion of attraction
 R - a potion of berserk rage


   Skills:
 + Level 13.8(18.8) Fighting
 - Level 0.4(5.4) Short Blades
 - Level 1.0(6.0) Maces & Flails
 - Level 20.0(25.0) Bows
 + Level 10.0(15.0) Armour
 + Level 9.5(14.5) Dodging
 - Level 1.0 Spellcasting
 - Level 3.0 Hexes
 * Level 2.9 Translocations
 + Level 10.3 Invocations


You had 12 spell levels left.
You knew the following spells:

 Your Spells              Type           Power      Damage    Failure   Level
a - Portal Projectile     Hex/Tloc       12%        N/A       99%         3

Your spell library contained the following spells:

 Spells                   Type           Power      Damage    Failure   Level
 Slow                     Hex            6%         N/A       91%         2
 Magic Dart               Conj           0%         1d3       99%         1
 Pain                     Necr           0%         1d4       99%         1
 Ensorcelled Hibernation  Hex/Ice        6%         N/A       99%         2
 Corpse Rot               Necr/Air       N/A        N/A       100%        2
 Poisonous Vapours        Pois/Air       0%         N/A       100%        2
 Searing Ray              Conj           0%         2d4       100%        2
 Inner Flame              Hex/Fire       3%         N/A       100%        3
 Cause Fear               Hex            3%         N/A       100%        4
 Fulminant Prism          Conj/Hex       1%         3d6       100%        4
 Agony                    Necr           0%         N/A       100%        5
 Excruciating Wounds      Necr           0%         N/A       100%        5
 Tukima's Dance           Hex            Unusable   N/A       N/A         3

Dungeon Overview and Level Annotations

Branches:
Dungeon (12/15)            Temple (0/1) D:7            Lair (6/6) D:10
 Shoals (0/4) Lair:4       Spider (0/4) Lair:4        Slime (0/5) Lair:5
    Orc (0/2) D:11        Ossuary (visited)

Altars:
Cheibriados
Fedhas
Makhleb
Nemelex Xobeh
Okawaru
Wu Jian
Xom
Zin
The Shining One
Jiyva

Shops:
D:8 ?=*!

Annotations:
D:12 Azrael, Jorgrun


Innate Abilities, Weirdness & Mutations

You have a pair of horns on your head.
You reflexively headbutt those who attack you in melee.


Message History

Your limbs have turned to stone.
You have turned to stone.
The two-headed ogre shouts in stereo!
Some rock shatters into small pieces.
Jorgrun casts a spell at you.
You struggle to resist.
Jorgrun hits you but does no damage.
Jorgrun hits you with a +0 vorpal quarterstaff.
Jorgrun hits you but does no damage.
The two-headed ogre hits you with a +0 giant spiked club! x2
Jorgrun hits you but does no damage.
The two-headed ogre hits you with a +0 giant spiked club! x2
Jorgrun hits you but does no damage.
The two-headed ogre hits you with a +0 giant spiked club!
The two-headed ogre hits you with a +0 giant spiked club.
Jorgrun says, "May tha earth consume ye!"
Jorgrun hits you with a +0 vorpal quarterstaff!
You turn to flesh and can move again.
Fire: 224 arrows
Press: ? - help, Q - select action, (/) - cycle Shift-Dir - straight line, f/p - Jorgrun
Aim: Jorgrun, wielding a +0 vorpal quarterstaff and wearing a +1 robe of willpower (lightly wounded, poisoned, 71% to hit)
You shoot an arrow. The arrow barely misses Jorgrun.
Fire: 223 arrows
Press: ? - help, Q - select action, (/) - cycle Shift-Dir - straight line, f/p - Jorgrun
Aim: Jorgrun, wielding a +0 vorpal quarterstaff and wearing a +1 robe of willpower (lightly wounded, poisoned, 71% to hit)
You shoot an arrow. The arrow hits Jorgrun!
Jorgrun looks as sick as possible!
Jorgrun is lightly wounded.
Fire: 222 arrows
Press: ? - help, Q - select action, (/) - cycle Shift-Dir - straight line, f/p - Jorgrun
Aim: Jorgrun, wielding a +0 vorpal quarterstaff and wearing a +1 robe of willpower (lightly wounded, extremely poisoned, 71% to hit)
You shoot an arrow.
The arrow hits Jorgrun but does no damage.
Jorgrun looks as sick as possible!
Jorgrun is lightly wounded.
The two-headed ogre hits you but does no damage.
The two-headed ogre closely misses you. Jorgrun hits you but does no damage.
Jorgrun points at you and mumbles some strange words.
The iron shot hits you!!!
Jorgrun points at you and mumbles some strange words.
The iron shot hits you!!!
You die...

....(.#
.......
....(..
....>.
.......
......
.......####
......
.......(#.###
......
.......g#.#.#
......
.......O.@..#
......
........#..<#
......
...?.....####
......
..........
......
.....##..##
...... .....
..## ......
.... ####
...... ....
......


You could see Jorgrun (extremely poisoned) and a two-headed ogre.

Vanquished Creatures
  Rupert (Lair:3)
  3 catoblepae (Lair:6)
  4 hydras
  4 boulder beetles
  15 death yaks
  A two-headed ogre (D:11)
  Sonja (Lair:3)
  A lindwurm (Lair:1)
  An orb spider (Lair:4)
  2 ugly things
  3 manticores
  11 elephants (Lair:5)
  A merfolk siren (Lair:4)
  4 black mambas
  A guardian serpent (Lair:6)
  A gargoyle (D:11)
  13 cane toads
  Maggie (D:8)
  6 rime drakes
  7 komodo dragons
  4 trolls
  3 polar bears
  2 hornets
  Prince Ribbit (D:8)
  22 blink frogs
  5 dream sheep (Lair:5)
  A shadow (D:12)
  5 wyverns
  A wraith (D:9)
  A fire elemental (D:12)
  70 yaks
  Grum (D:8)
  5 basilisks
  A steam dragon (D:7)
  4 vampire mosquitoes (D:11)
  Edmund (D:4)
  3 wargs (D:10)
  21 water moccasins
  A hell hound (D:12)
  An orc warrior (D:7)
  A sky beast (D:5)
  4 ogres
  6 black bears
  2 necrophages (D:6)
  23 wolves
  4 centaurs
  A phantom (D:5)
  2 kobold brigands
  14 bullfrogs
  3 wyvern zombies
  A wyvern skeleton (D:6)
  12 killer bees
  8 wights
  4 howler monkeys
  5 electric eels
  A bullfrog zombie (D:5)
  8 centaur zombies
  4 hounds (D:5)
  A jelly (D:6)
  8 orc priests
  6 orc wizards
  An iguana (D:5)
  A scorpion zombie (D:5)
  A hell rat (Lair:6)
  A killer bee zombie (D:7)
  4 mummies
  4 adders
  A shadow imp (D:6)
  2 ufetubi
  A worm (D:2)
  4 dart slugs
  13 orcs
  7 endoplasms
  6 giant cockroaches
  5 hobgoblins
  5 jackals
  5 quokkas
  7 ball pythons
  5 bats
  4 frilled lizards
  7 goblins
  3 goblin zombies (Ossuary)
  A hobgoblin zombie (Ossuary)
  22 kobolds
  2 kobold zombies (Ossuary)
  10 rats
474 creatures vanquished.

Vanquished Creatures (others)
  38 fungi
  75 plants
113 creatures vanquished.

Grand Total: 587 creatures vanquished

Notes
Turn   | Place    | Note
-------+----------+-------------------------------------------
     0 | D:1      | MaCx the Minotaur Arcane Marksman began the quest for the
                  | Orb.
     0 | D:1      | Reached XP level 1. HP: 16/16 MP: 1/1
   337 | D:1      | Reached skill level 3 in Bows
   337 | D:1      | Reached XP level 2. HP: 21/23 MP: 2/2
  1085 | D:1      | Found a faded altar of an unknown god.
  1106 | D:1      | Reached XP level 3. HP: 28/28 MP: 3/3
  1703 | D:2      | Reached skill level 4 in Bows
  2215 | D:2      | Reached skill level 1 in Maces & Flails
  2378 | D:2      | Reached XP level 4. HP: 36/36 MP: 4/4
  3134 | D:3      | Found a shimmering altar of Xom.
  3245 | D:3      | Found an ornate altar of the Wu Jian Council.
  3491 | D:3      | Reached skill level 5 in Bows
  3806 | D:4      | Noticed Edmund
  4121 | D:4      | Reached XP level 5. HP: 42/42 MP: 5/5
  4123 | D:4      | Killed Edmund
  4190 | D:4      | Noticed an ogre
  4198 | D:4      | Killed an ogre
  4199 | D:4      | Reached skill level 6 in Bows
  4199 | D:4      | Reached XP level 6. HP: 47/52 MP: 6/6
  4466 | D:4      | Found a sparkling altar of Nemelex Xobeh.
  4494 | D:4      | Found a burning altar of Makhleb.
  5226 | D:5      | Entered Level 5 of the Dungeon
  5267 | D:5      | Reached skill level 7 in Bows
  5302 | D:5      | Found an iron altar of Okawaru.
  5304 | D:5      | Found a glowing golden altar of the Shining One.
  5304 | D:5      | Found a blossoming altar of Fedhas.
  5308 | D:5      | Became a worshipper of Warmaster Okawaru
  5363 | D:5      | Reached XP level 7. HP: 54/60 MP: 7/7
  5643 | D:5      | Reached skill level 5 in Fighting
  5929 | D:5      | Reached skill level 8 in Bows
  5993 | D:5      | Reached * piety under Okawaru
  6171 | D:5      | Reached XP level 8. HP: 30/70 MP: 8/8
  6792 | D:5      | Reached skill level 9 in Bows
  6968 | D:6      | Identified 2 scrolls of acquirement
  6968 | D:6      | Acquired a manual of Bows
  6970 | D:6      | Acquired the +9 longbow of the Hungering Coward {venom,
                  | rElec rC+}
  7050 | D:6      | Reached skill level 10 in Bows
  7145 | D:6      | Reached ** piety under Okawaru
  7317 | D:6      | Reached skill level 11 in Bows
  7894 | D:6      | Reached skill level 12 in Bows
  7898 | D:6      | Reached XP level 9. HP: 81/81 MP: 9/9
  8299 | D:7      | Found a sand-covered staircase.
  8304 | Ossuary  | Entered an ossuary
  8438 | Ossuary  | Reached skill level 13 in Bows
  8586 | D:7      | Reached *** piety under Okawaru
  8766 | D:7      | Found a glowing silver altar of Zin.
  8869 | D:7      | Acquired the +3 plate armour of the Two of Wands {rPois}
  9054 | D:7      | Found a staircase to the Ecumenical Temple.
  9310 | D:8      | Found Buarusk's Distillery.
  9353 | D:8      | Found Nebudif's Jewellery Shoppe.
  9357 | D:8      | Reached skill level 18 in Bows
  9357 | D:8      | Reached XP level 10. HP: 90/90 MP: 10/10
  9429 | D:8      | Noticed Grum
  9888 | D:8      | Noticed a cyclops
  9995 | D:8      | Found Etiwk's Magic Scroll Shop.
  9996 | D:8      | Noticed Maggie
  9996 | D:8      | Noticed Prince Ribbit
 10001 | D:8      | Killed Maggie
 10009 | D:8      | Killed Prince Ribbit
 10009 | D:8      | Reached **** piety under Okawaru
 10415 | D:8      | Found Rilebb's General Store.
 10429 | D:8      | Killed Grum
 10961 | D:9      | Received a gift from Okawaru
 11021 | D:9      | Reached XP level 11. HP: 79/97 MP: 11/11
 11172 | D:9      | Reached ***** piety under Okawaru
 11378 | D:9      | Found a snail-covered altar of Cheibriados.
 11650 | D:9      | Upgraded the game from 0.28-a0-421-gd1dd6c5fb5 to
                  | 0.28-a0-425-gd0eccab798
 11675 | D:10     | Entered Level 10 of the Dungeon
 11735 | D:10     | Received a gift from Okawaru
 11905 | D:10     | Found a staircase to the Lair.
 11988 | D:10     | Reached skill level 10 in Fighting
 12024 | D:10     | Received a gift from Okawaru
 12121 | D:10     | Received a gift from Okawaru
 12125 | D:10     | Reached skill level 19 in Bows
 12284 | D:10     | Learned a level 3 spell: Portal Projectile
 12687 | Lair:1   | Entered Level 1 of the Lair of Beasts
 12764 | Lair:1   | Reached skill level 1 in Armour
 13081 | Lair:1   | Noticed a five-headed hydra
 13116 | Lair:1   | Killed a five-headed hydra
 13195 | Lair:1   | Noticed a lindwurm
 13202 | Lair:1   | Killed a lindwurm
 13202 | Lair:1   | Received a gift from Okawaru
 13502 | Lair:1   | Received a gift from Okawaru
 13617 | Lair:1   | Noticed a seven-headed hydra
 13622 | Lair:1   | Killed a seven-headed hydra
 13623 | Lair:1   | Reached XP level 12. HP: 110/110 MP: 12/12
 14115 | Lair:1   | Reached skill level 1 in Invocations
 14670 | Lair:2   | Received a gift from Okawaru
 14671 | Lair:2   | Reached skill level 5 in Dodging
 14725 | Lair:2   | Noticed a boulder beetle
 14731 | Lair:2   | Killed a boulder beetle
 14744 | Lair:2   | Reached skill level 5 in Armour
 15511 | Lair:3   | Noticed Rupert
 15511 | Lair:3   | Paralysed by Rupert for 3 turns
 15525 | Lair:3   | Killed Rupert
 15526 | Lair:3   | Reached skill level 20 in Bows
 15618 | Lair:3   | Noticed Sonja
 15636 | Lair:3   | Killed Sonja
 15741 | Lair:3   | Noticed a death yak
 15743 | Lair:3   | Noticed a death yak
 15745 | Lair:3   | Noticed a death yak
 15749 | Lair:3   | Killed a death yak
 15749 | Lair:3   | Noticed a death yak
 15750 | Lair:3   | Noticed a death yak
 15753 | Lair:3   | Killed a death yak
 15763 | Lair:3   | Killed a death yak
 15764 | Lair:3   | Reached skill level 5 in Invocations
 15771 | Lair:3   | Killed a death yak
 15775 | Lair:3   | Killed a death yak
 15776 | Lair:3   | Reached XP level 13. HP: 103/118 MP: 9/16
 16237 | Lair:3   | You fall into a shaft and drop 1 floor!
 16243 | Lair:4   | Received a gift from Okawaru
 16315 | Lair:3   | Received a gift from Okawaru
 16605 | Lair:3   | Received a gift from Okawaru
 17247 | Lair:4   | Found a hole to the Spider Nest.
 17609 | Lair:4   | Received a gift from Okawaru
 17617 | Lair:4   | Reached ****** piety under Okawaru
 17789 | Lair:4   | Found a staircase to the Shoals.
 18205 | Lair:5   | Found a viscous altar of Jiyva.
 18205 | Lair:5   | Found a staircase to the Slime Pits.
 18724 | Lair:5   | Identified the +0 hat "Ydynahaff" {Int+3} (Okawaru gifted
                  | it to you on level 5 of the Lair of Beasts)
 18724 | Lair:5   | Received a gift from Okawaru
 18725 | Lair:5   | Reached XP level 14. HP: 127/129 MP: 19/19
 18822 | Lair:5   | You fall into a shaft and drop 1 floor!
 18822 | Lair:6   | Entered Level 6 of the Lair of Beasts
 19434 | Lair:6   | Found the +3 pair of seven-league boots {Rampage+∞}
 20128 | Lair:6   | Reached skill level 10 in Invocations
 20256 | Lair:6   | Received a gift from Okawaru
 20320 | Lair:6   | Reached skill level 1 in Translocations
 20436 | Lair:6   | Received a gift from Okawaru
 21525 | D:11     | Found a staircase to the Orcish Mines.
 21842 | D:12     | Reached skill level 10 in Armour
 21888 | D:12     | Acquired 661 gold pieces
 21918 | D:12     | Noticed Azrael
 21927 | D:12     | Noticed Jorgrun
 22090 | D:12     | Killed from afar by Jorgrun

Illustrated notes

Levels and vault maps discovered:
D:1:      sevenhm_arrival_forest_fort_small_4, layout_loops_corners,
          ebering_ecumenical_altar_abandoned, serial_aquarium,
          aquarium_bridge_square [aquarium_subvault_wall,
          aquarium_subvault_bridge, aquarium_subvault_window,
          aquarium_subvault_wall], aquarium_window_1, aquarium_window_fake,
          aquarium_window_corridor_3, aquarium_window_1, aquarium_view_2d,
          aquarium_pool_S
D:2:      layout_basic, grunt_ministairs_3, minmay_misc_feat_ornament,
          minmay_circle_x
D:3:      layout_loops_corners, old_standard_altar, marbit_many_paths,
          minivault_23, serial_bayou_lagoon_a
D:4:      layout_rooms, jmf_multi_god_temple, uniq_edmund
D:5:      layout_loops_ring, grunt_temple_overflow_open,
          minmay_misc_feat_square, nrook_pool_corridor,
          kennysheep_generic_room_5
D:6:      layout_basic
D:7:      layout_basic, mainiacjoe_overflow_paths, temple_fountains,
          enter_ossuary_2, serial_bayou_lagoon_b
D:8:      layout_basic, serial_corexii_hall, chequers_hall_statues_y,
          corexii_hall_statues_x, chequers_hall_statues_corner_a,
          chequers_hall_statues_y, serial_shops, nicolae_shop_stone, shop,
          nicolae_square_shop, shop, st_stairs_8, chequers_serial_rivers_room_b,
          uniq_grum, uniq_maggie, uniq_prince_ribbit1
D:9:      layout_irregular_city, slow_altar_2, serial_bayou,
          serial_bayou_shore_b, serial_bayou_pond_d, serial_bayou_pond_c,
          serial_bayou_pond_c, serial_bayou_pond_e
D:10:     layout_stronghold, erik_lair_orcish_takeover, serial_column_ruins,
          column_ruins_courtyard_long, column_ruins_open_medium,
          column_ruins_open_tiny, column_ruins_grid_1,
          column_ruins_corridor_dead_end, column_ruins_open_small,
          column_ruins_columns_corner
D:11:     layout_roguey
D:12:     layout_big_octagon, uniq_azrael, uniq_jorgrun
Lair:1:   layout_roguey, serial_bayou_shore_a
Lair:2:   layout_small_grid
Lair:3:   layout_hall_layers, beast_lair_carwin_5, uniq_sonja, uniq_rupert
Lair:4:   layout_roguey, minmay_shoals_entry_lonely_mermaid,
          nicolae_spider_entry_orb_guardian
Lair:5:   layout_gridlike, slime_altar_1
Lair:6:   evilmike_catoblepas_cave, layout_regular_city, minivault_23,
          hellmonk_guarded_unrand_seven_league_boots, grunt_megastairs_5

Skill      XL: |  1  2  3  4  5  6  7  8  9 10 11 12 13 14 |
---------------+-------------------------------------------+-----
Bows           | 3 4 5 6 7 8 12 18 19 20 | 20.0
Maces & Flails | 1 |  1.0
Fighting       | 2 3 4 6 7 8 9 11 12 13 | 13.8
Armour         | 4 6 8 10 | 10.0
Dodging        | 4 6 8 9 |  9.5
Invocations    | 5 8 10 | 10.3
Translocations | 2 |  2.9
Hexes          | 3 |  3.0
Short Blades   | |  0.4
Spellcasting   | |  1.0

Action                   |  1- 3 |  4- 6 |  7- 9 | 10-12 | 13-15 || total
-------------------------+-------+-------+-------+-------+-------++-------
Melee: Club              |    28 |       |       |       |       ||    28
       Headbutt          |    21 |    16 |    45 |     3 |       ||    85
       Dagger            |    92 |    78 |       |       |       ||   170
       Short sword       |       |    16 |   167 |    24 |       ||   207
 Fire: Shortbow          |     7 |    18 |     3 |       |       ||    28
       Longbow           |       |       |    48 |   398 |   586 ||  1032
Throw: Dart              |       |     8 |       |       |       ||     8
Invok: Heroism           |       |       |       |     5 |     5 ||    10
       Finesse           |       |       |       |     4 |     5 ||     9
  Use: Scroll            |       |       |    16 |     3 |    12 ||    31
       Potion            |       |       |     1 |       |     3 ||     4
Armor: Robe              |    14 |       |       |       |       ||    14
       Plate armour      |    13 |    51 |    93 |    99 |    67 ||   323
       Skin              |       |       |       |       |     1 ||     1
Dodge: Dodged            |    66 |    27 |    45 |    47 |    30 ||   215
Block: Other             |       |    23 |    34 |       |       ||    57
       Reflection        |       |       |     1 |       |       ||     1

Table legend: (Time is in decaauts)
 A = Elapsed time spent in this place.
 B = Non-inter-level travel time spent in this place.
 C = Inter-level travel time spent in this place.
 D = Time resting spent in this place.
 E = Time spent auto-exploring this place.
 F = Levels seen in this place.
 G = Mean time per level.
                   A        B        C        D        E       F      G
               +--------+--------+--------+--------+--------+-----+--------+
         Total |  21845 |  20913 |    932 |   2280 |  14379 |  19 | 1149.7 |
       Dungeon |  13507 |  12897 |    610 |   1734 |   8482 |  12 | 1125.6 |
          Lair |   8137 |   7816 |    321 |    546 |   5801 |   6 | 1356.2 |
       Ossuary |    200 |    200 |      0 |      0 |     96 |   1 |  200.0 |
               +--------+--------+--------+--------+--------+-----+--------+

Top non-repeatable levels by time:
  Lair:1: 1826 daAuts
     D:5: 1733 daAuts
  Lair:6: 1618 daAuts
     D:3: 1611 daAuts
     D:1: 1533 daAuts
     D:2: 1347 daAuts
     D:6: 1339 daAuts
  Lair:3: 1308 daAuts
  Lair:4: 1189 daAuts
  Lair:2: 1153 daAuts
     D:7: 1096 daAuts
     D:8: 1055 daAuts
  Lair:5: 1041 daAuts
     D:9: 1030 daAuts
    D:10: 1020 daAuts
